 Dungeon Crawl Stone Soup version 0.31-a0-940-gdaa99269f9 (webtiles) character file.

Game seed: 3669100461001348280

582 Getoffmy the Shield-Bearer (level 7, -1/56 HPs)
             Began as a Formicid Fighter on Oct 21, 2023.
             Was a Follower of Cheibriados.
             Slain by a wyvern (11 damage)
             ... on level 4 of the Dungeon.
             The game lasted 00:07:46 (3319 turns).

Getoffmy the Shield-Bearer (Formicid Fighter)       Turns: 3319, Time: 00:07:47

Health: -1/56      AC:  7    Str: 26    XL:     7   Next: 63%
Magic:  7/7        EV:  9    Int: 10    God:    Cheibriados [*.....]
Gold:   258        SH:  6    Dex: 16    Spells: 6/6 levels left

rFire   . . .        a - +0 quarterstaff
rCold   . . .        c - +0 buckler
rNeg    . . .        b - +0 scale mail
rPois   .            (helmet unavailable)
rElec   .            (no cloak)
rCorr   .            (no gloves)
SInv    +            (no boots)
Will    .....        (no amulet) Stlth
                     (no ring)
HPRegen 0.29/turn    (no ring)
MPRegen 0.10/turn

%: no passive effects
@: mighty, very slow
A: permanent stasis, dig shafts and tunnels, antennae 3, four strong arms
a: Dig, Shaft Self, Renounce Religion, Bend Time


You were on level 4 of the Dungeon.
You worshipped Cheibriados.
Cheibriados was aware of your devotion.
You visited 1 branch of the dungeon, and saw 5 of its levels.

You collected 258 gold pieces.

Inventory:

Hand Weapons
 a - a +0 quarterstaff (weapon)
Missiles
 j - 5 poisoned darts
 r - 18 stones
Armour
 b - a +0 scale mail (worn)
 c - a +0 buckler (worn)
Jewellery
 n - an amulet of the acrobat
 t - an amulet of faith
Scrolls
 h - a scroll of revelation
 k - 3 scrolls of teleportation
 l - a scroll of blinking
 o - a scroll of fear
Potions
 e - a potion of curing
 f - a potion of resistance
 i - a potion of cancellation
 m - a potion of attraction
 q - a potion of lignification {unknown}
 u - a potion of enlightenment {unknown}


   Skills:
 + Level 5.1 Fighting
 - Level 0.1(3.2) Polearms
 * Level 5.4 Staves
 - Level 4.3 Armour
 + Level 6.1 Shields


You had 6 spell levels left.
You didn't know any spells.
Your spell library contained the following spells:

 Spells                   Type           Power      Damage    Failure   Level
 Ensorcelled Hibernation  Hex/Ice        0%         N/A       83%         2
 Passwall                 Tmut/Erth      0%         N/A       83%         2
 Tukima's Dance           Hex            0%         N/A       96%         3
 Passage of Golubria      Tloc           0%         N/A       100%        4
 Yara's Violent Unravell  Hex/Tmut       0%         3d3       100%        5
 Swiftness                Air            Unusable   N/A       N/A         3

Dungeon Overview and Level Annotations

Branches:
Dungeon (5/15)
 Temple: D:4-7

Altars:
Cheibriados
Fedhas
Okawaru
Trog


Innate Abilities, Weirdness & Mutations

You cannot be hasted, slowed, berserked, paralysed or teleported.
You can dig through walls and to a lower floor.
You have a pair of large antennae on your head. (SInv)
Your four strong arms can wield two-handed weapons with a shield.


Message History

The scorpion barely misses you.
You hit the scorpion but do no damage.
The scorpion is moderately wounded.
The scorpion stings you but does no damage. x2
You closely miss the scorpion.
The scorpion is moderately wounded.
The scorpion closely misses you.
You barely miss the scorpion.
The scorpion is moderately wounded.
The scorpion stings you.
You hit the scorpion.
The scorpion is heavily wounded.
You block the scorpion's attack.
You closely miss the scorpion.
The scorpion is heavily wounded.
You block the scorpion's attack. The scorpion stings you.
You sock the scorpion!
You kill the scorpion!
Cheibriados appreciates the change of pace.
Cheibriados raises the support of your attributes as your movement slows.
The wyvern bites you!
You closely miss the wyvern. The wyvern closely misses you.
The wyvern closely misses you. You block the wyvern's attack.
You climb upwards.
There is a stone staircase leading down here.
You hit the wyvern but do no damage.
The wyvern hisses menacingly.
The wyvern bites you!
You hit the wyvern but do no damage. The wyvern bites you!
The wyvern closely misses you.
You hit the wyvern.
The wyvern is lightly wounded.
The wyvern bites you. The wyvern bites you!
* * * LOW HITPOINT WARNING * * *
You feel very mighty all of a sudden.
The wyvern bites you but does no damage.
You feel better. The wyvern bites you!
* * * LOW HITPOINT WARNING * * *
The wyvern bites you!
You die...

...........#..#..#............##
##.........##.#..##...........#
##..........#....#...........##
....#....#...##..##..####.....#
.#......####.......#.###......#
.#....#.#..........#......#..####
.#....#.#................##......
......#............###...#.......
##......##......@.## ##.###.##..#
.................l.####.....##..#
.........#.......................
.................................
.................................
.................................
............................###..
........................###..#...
............#.........<.###......


You could see a wyvern.

Vanquished Creatures
  Pargi (D:4)
  Blork the orc (D:4)
  A scorpion (D:5)
  2 hounds
  A gnoll bouda (D:4)
  An iron imp (D:3)
  Natasha (thrice) (D:2)
  Robin (D:2)
  2 gnolls (D:5)
  8 adders
  2 dart slugs
  2 orcs (D:3)
  3 endoplasms
  3 giant cockroaches
  11 goblins
  9 hobgoblins
  7 jackals (D:2)
  2 ball pythons
  3 bats
  4 frilled lizards
  4 kobolds
  7 rats
78 creatures vanquished.

Notes
Turn   | Place    | Note
-------+----------+-------------------------------------------
     0 | D:1      | Getoffmy the Formicid Fighter began the quest for the Orb.
     0 | D:1      | Reached XP level 1. HP: 18/18 MP: 1/1
   527 | D:2      | Noticed Natasha
   529 | D:2      | Noticed a cerulean imp
   539 | D:2      | Killed Natasha
   540 | D:2      | Reached XP level 2. HP: 12/24 MP: 2/2
   540 | D:2      | Reached XP level 3. HP: 15/29 MP: 3/3
   603 | D:2      | Noticed Natasha
   612 | D:2      | Killed Natasha
   613 | D:2      | Reached XP level 4. HP: 37/37 MP: 4/4
   714 | D:2      | Noticed Natasha
   723 | D:2      | Killed Natasha
   892 | D:2      | Noticed Robin
   901 | D:2      | Killed Robin
   902 | D:2      | Reached XP level 5. HP: 39/42 MP: 5/5
  1370 | D:2      | Reached skill level 5 in Shields
  1551 | D:3      | Found a snail-covered altar of Cheibriados.
  1565 | D:3      | Reached XP level 6. HP: 34/48 MP: 6/6
  1613 | D:3      | Became a worshipper of Cheibriados the Contemplative
  1753 | D:3      | Found a bloodstained altar of Trog.
  2365 | D:4      | Reached * piety under Cheibriados
  2428 | D:4      | Noticed Pargi
  2452 | D:4      | Killed Pargi
  2453 | D:4      | Reached XP level 7. HP: 41/55 MP: 7/7
  2513 | D:4      | Found a blossoming altar of Fedhas.
  2516 | D:4      | Noticed Blork the orc
  2529 | D:4      | Killed Blork the orc
  2760 | D:4      | Reached skill level 5 in Staves
  2855 | D:4      | Found an iron altar of Okawaru.
  2955 | D:5      | Entered Level 5 of the Dungeon
  2962 | D:5      | Noticed a wyvern
  2973 | D:5      | Reached skill level 5 in Fighting
  2983 | D:4      | Reached skill level 6 in Shields
  3319 | D:4      | Slain by a wyvern

Illustrated notes

Levels and vault maps discovered:
D:1:      scummos_arrival_star, layout_basic
D:2:      layout_loops_ring, uniq_natasha, uniq_robin
D:3:      layout_rooms, slow_altar_1, mainiacjoe_overflow_paths,
          wander_ebering_terrifying_dragon_lair
D:4:      layout_cave_pools, fedhas_altar_1, old_standard_altar, ldierk_geyser,
          uniq_pargi, uniq_blork_the_orc
D:5:      layout_loops_ring, nicolae_overflow_crystal_walls,
          hangedman_decor_points

Skill      XL: |  1  2  3  4  5  6  7 |
---------------+----------------------+-----
Staves         | 3 4 5 |  5.4
Armour         | 4 |  4.3
Fighting       | 4 5 |  5.1
Shields        | 5 6 |  6.1
Polearms       | |  0.1

Action                     |  1- 3 |  4- 6 |  7- 9 || total
---------------------------+-------+-------+-------++-------
  Melee: Quarterstaff      |    22 |   179 |    53 ||   254
         Spear             |     1 |       |       ||     1
Ability: Dig               |     7 |       |       ||     7
    Use: Scroll            |       |       |    12 ||    12
         Potion            |       |       |     2 ||     2
 Armour: Scale mail        |    16 |   121 |    40 ||   177
  Dodge: Dodged            |    11 |    91 |    22 ||   124
  Block: Buckler           |     7 |    29 |    11 ||    47

Table legend: (Time is in decaauts)
 A = Elapsed time spent in this place.
 B = Non-inter-level travel time spent in this place.
 C = Inter-level travel time spent in this place.
 D = Time resting spent in this place.
 E = Time spent auto-exploring this place.
 F = Levels seen in this place.
 G = Mean time per level.
                   A        B        C        D        E       F      G
               +--------+--------+--------+--------+--------+-----+--------+
         Total |   3667 |   3471 |    196 |    705 |   2014 |   5 |  733.4 |
       Dungeon |   3667 |   3471 |    196 |    705 |   2014 |   5 |  733.4 |
               +--------+--------+--------+--------+--------+-----+--------+

Top non-repeatable levels by time:
     D:2: 1116 daAuts
     D:4: 1019 daAuts
     D:3: 972 daAuts
     D:1: 457 daAuts
     D:5: 101 daAuts
